 Dungeon Crawl Stone Soup version 0.29.0-4-gdea44cf6ec (webtiles) character file.

Game seed: 7654925353185136760

5758 unlimited1921 the Thaumaturge (level 11, -6/66 HPs)
             Began as a Djinni Fire Elementalist on Aug 28, 2022.
             Was a Believer of Qazlal.
             Mangled by an orc warrior
             ... wielding a +0 glaive
              (11 damage)
             ... on level 9 of the Dungeon.
             The game lasted 00:47:19 (18383 turns).

unlimited1921 the Thaumaturge (DjFE)               Turns: 18383, Time: 00:47:25

Health: -6/66      AC: 16    Str: 13    XL:     11   Next: 6%
Gold:   305        EV: 13    Int: 21    God:    Qazlal [**....] SH:  3 Dex: 20

rFire   + + .      SeeInvis .   l - +2 long sword (flame)
rCold   x . .      Faith    .   (no shield)
rNeg    . . .      Spirit   .   m - +0 leather armour
rPois   ∞          Reflect  .   s - +0 helmet
rElec   .          Harm     .   n - +0 cloak
rCorr   .          Rampage  .   L - +5 pair of gloves "Ucluhy" {+Inv Str+6}
Will    +....                   (boots unavailable)
Stlth   ++........              (no amulet)
HPRegen 0.21/turn               c - +4 ring of protection
MPRegen 0.00/turn               E - +6 ring of dexterity

@: flying
A: sickness immunity, fire resistance 2, cold vulnerability 1, float, innate
caster, HP casting, extra vitality 1
a: Renounce Religion, Evoke Invisibility, Upheaval


You were on level 9 of the Dungeon.
You worshipped Qazlal.
Qazlal was pleased with you.
You visited 2 branches of the dungeon, and saw 10 of its levels.

You collected 305 gold pieces.

Inventory:

Hand Weapons
 b - a +0 short sword
 e - a +1 vampiric spear
 i - a +0 falchion
 l - a +2 long sword of flaming (weapon)
 C - a +1 quarterstaff of draining
 G - a +0 short sword of venom
 O - a +3 vorpal spear
Missiles
 k - 4 atropa-tipped darts
 o - 6 javelins
 q - 16 poisoned darts (quivered)
 t - 51 stones
 v - 10 boomerangs
Armour
 d - a +0 ring mail
 m - a +0 leather armour (worn)
 n - a +0 cloak (worn)
 s - a +0 helmet (worn)
 L - the +5 pair of gloves "Ucluhy" (worn) {+Inv Str+6}
   (You acquired it on level 8 of the Dungeon)

   Str:       It affects your strength (+6).
   +Inv:      It lets you turn invisible.
Jewellery
 c - a +4 ring of protection (left hand)
 E - a +6 ring of dexterity (right hand)
 M - a ring of fire
Wands
 r - a wand of flame (32)
 D - a wand of mindburst (29)
 F - a wand of paralysis (2)
Scrolls
 a - a scroll of immolation
 f - 2 scrolls of blinking
 u - a scroll of magic mapping
 w - 2 scrolls of teleportation {unknown}
 x - 2 scrolls of fear
 y - 3 scrolls of poison
 K - a scroll of enchant weapon
Potions
 g - 4 potions of curing
 h - a potion of haste
 j - 2 potions of lignification {unknown}
 p - 2 potions of cancellation
 z - 2 potions of brilliance {unknown}
 A - 2 potions of attraction
 B - 2 potions of might {unknown}
 H - 3 potions of ambrosia
 I - a potion of heal wounds
 J - 2 potions of flight {unknown}
 N - 2 potions of berserk rage
Miscellaneous
 P - a phantom mirror


   Skills:
 + Level 0.8 Fighting
 + Level 0.3 Long Blades
 * Level 1.6 Throwing
 * Level 4.2 Armour
 + Level 3.6 Dodging
 + Level 3.6 Stealth
 + Level 0.1 Shields
 + Level 11.1 Spellcasting
 * Level 2.1 Evocations


You had 5 spell levels left.
You knew the following spells:

 Your Spells              Type           Power      Damage    Failure   Level
a - Foxfire               Conj/Fire      100%       2x1d9     1%          1
b - Scorch                Fire           100%       2d10      1%          2
c - Conjure Flame         Conj/Fire      55%        6-21      1%          3
d - Inner Flame           Hex/Fire       55%        N/A       1%          3
e - Flame Wave            Conj/Fire      55%        2d13      1%          4
f - Slow                  Hex            100%       N/A       1%          1
g - Searing Ray           Conj           100%       2d8       1%          2
h - Vampiric Draining     Necr           55%        2d9       1%          3
i - Confusing Touch       Hex            55%        N/A       1%          3
j - Iskenderun's Battles  Conj           55%        2d11      1%          5
Your spell library was empty.

Dungeon Overview and Level Annotations

Branches:
Dungeon (9/15)             Temple (1/1) D:4
   Lair: D:8-11         Orc: D:9-12

Altars:
Ashenzari
Dithmenos
Elyvilon
Fedhas
Hepliaklqana
Makhleb
Nemelex Xobeh
Okawaru
Qazlal
Trog
Uskayaw
Wu Jian
Yredelemnul
The Shining One


Innate Abilities, Weirdness & Mutations

You are immune to sickness and miasma.
You are immune to poison.
Your flesh is very heat resistant. (rF++)
You are vulnerable to cold. (rC-)
You float through the air rather than walking.
You learn spells naturally, not from books.
Your magical power is your life essence.
You have superior vitality. (+4 MHP)


Message History

The orc warrior hits you from afar with a +0 glaive!
* * * LOW HITPOINT WARNING * * *
An orc comes into view. It is wielding a +0 club.
The orc hits you with a +2 morningstar of protection.
* * * LOW HITPOINT WARNING * * *
The yak is engulfed in blazing flames.
The foxfire hits the orc warrior.
Flame seeps out of the orc warrior.
The orc warrior is lightly wounded.
The foxfire hits the orc.
You kill the orc!
Qazlal accepts your kill.
The orc warrior is engulfed in blazing flames.
Flame seeps out of the orc warrior.
The yak is engulfed in blazing flames.
Casting: Foxfire (safe; 1% risk of failure)
Confirm with . or Enter, or press ? or * to list all spells.
Flames lash the orc warrior.
Flame seeps out of the orc warrior.
The orc warrior is moderately wounded.
The orc warrior's fire resistance burns away.
* * * LOW HITPOINT WARNING * * *
The orc warrior is engulfed in blazing flames.
Flame seeps out of the orc warrior.
The orc warrior hits you but does no damage.
The orc warrior is engulfed in blazing flames.
Flame seeps out of the orc warrior.
The orc warrior barely misses you.
Casting: Scorch (safe; 1% risk of failure)
Confirm with . or Enter, or press ? or * to list all spells.
Flames lash the yak.
The yak is severely wounded.
The yak's fire resistance burns away.
* * * LOW HITPOINT WARNING * * *
The orc warrior is engulfed in blazing flames.
Flame seeps out of the orc warrior.
You block the orc warrior's attack.
Casting: Scorch (safe; 1% risk of failure)
Confirm with . or Enter, or press ? or * to list all spells.
Flames lash the orc warrior but do no damage.
* * * LOW HITPOINT WARNING * * *
The orc warrior is engulfed in blazing flames.
Flame seeps out of the orc warrior.
The orc warrior hits you from afar with a +0 glaive!
You die...

..#........#.##.#..
......).....#....
##...)......o#
#§#).○)☼.....#
#..#)††°..o.##
#...#○......#
#####..)oz#.#
#...#.#☼..# #
#..#..@#..#
#.#.....#.#
##.......## .
...#.....#### ##.#
..##.......## . #.
.##..#.#.....#.# .##[
.....#..#...#..#
....##.##.#...#.#...#
.......##.#####.....#


You could see an orc warrior (berserk, inner flame, combustible), a wight and 2
orcs.

Vanquished Creatures
  A two-headed ogre (D:9)
  A cyclops (D:8)
  Joseph (D:7)
  10 yaks
  2 vampire mosquitoes (D:9)
  3 water moccasins
  2 orc warriors
  An ogre (D:6)
  A centaur (D:5)
  2 phantoms (D:6)
  3 necrophages
  5 bullfrogs
  2 gnoll sergeants
  2 scorpions
  2 wights (D:9)
  A howler monkey (D:6)
  6 jellies
  A gnoll bouda (D:7)
  3 orc priests
  9 hounds
  7 iguanas
  2 orc wizards
  11 gnolls
  11 adders
  A white imp (D:6)
  An ufetubus (D:6)
  2 dart slugs
  26 orcs
  3 bats
  4 endoplasms
  3 giant cockroaches
  5 goblins
  6 hobgoblins
  9 jackals
  3 quokkas
  15 ball pythons
  2 frilled lizards
  6 kobolds
  5 rats
180 creatures vanquished.

Vanquished Creatures (others)
  522 foxfires
  5 fungi (D:9)
  2 plants (D:9)
529 creatures vanquished.

Grand Total: 709 creatures vanquished

Notes
Turn   | Place    | Note
-------+----------+-------------------------------------------
     0 | D:1      | unlimited1921 the Djinni Fire Elementalist began the quest
                  | for the Orb.
     0 | D:1      | unlimited1921 set off with the following spells memorised:
                  | Foxfire, Scorch, Conjure Flame, Inner Flame, Flame Wave.
     0 | D:1      | Reached XP level 1. HP: 15/15 MP: 0/0
   491 | D:1      | Reached XP level 2. HP: 18/21 MP: 0/0
  1690 | D:1      | Reached skill level 3 in Spellcasting
  1966 | D:1      | Reached XP level 3. HP: 14/25 MP: 0/0
  1966 | D:1      | Learned a level 1 spell: Slow
  4174 | D:2      | You are sucked into a shaft and drop 1 floor!
  4192 | D:3      | Reached XP level 4. HP: 24/31 MP: 0/0
  4516 | D:3      | Found a bloodstained altar of Trog.
  4841 | D:4      | Reached XP level 5. HP: 7/35 MP: 0/0
  4841 | D:4      | Learned a level 2 spell: Searing Ray
  5302 | D:4      | Found a broken altar of Ashenzari.
  5302 | D:4      | Found a burning altar of Makhleb.
  5388 | D:4      | Reached skill level 4 in Spellcasting
  6694 | D:4      | Reached skill level 1 in Armour
  6694 | D:4      | Reached XP level 6. HP: 36/40 MP: 0/0
  6780 | D:4      | Found a staircase to the Ecumenical Temple.
  6875 | Temple   | Entered the Ecumenical Temple
  6928 | Temple   | Became a worshipper of Qazlal Stormbringer
  8246 | D:3      | Found an ornate altar of the Wu Jian Council.
  8731 | D:5      | Entered Level 5 of the Dungeon
  9332 | D:5      | Reached XP level 7. HP: 37/45 MP: 0/0
  9332 | D:5      | Learned a level 3 spell: Vampiric Draining
  9521 | D:5      | Reached skill level 5 in Spellcasting
 10546 | D:5      | Reached * piety under Qazlal
 11624 | D:6      | Reached XP level 8. HP: 34/50 MP: 0/0
 11626 | D:6      | Reached skill level 6 in Spellcasting
 13100 | D:6      | Reached skill level 7 in Spellcasting
 14269 | D:6      | Reached XP level 9. HP: 51/55 MP: 0/0
 14269 | D:6      | Learned a level 3 spell: Confusing Touch
 14746 | D:7      | Noticed Joseph
 14763 | D:7      | Killed Joseph
 14764 | D:7      | Reached skill level 8 in Spellcasting
 15811 | D:7      | Reached skill level 9 in Spellcasting
 16308 | D:8      | Reached XP level 10. HP: 51/61 MP: 0/0
 16614 | D:8      | Reached skill level 10 in Spellcasting
 16750 | D:8      | Found a hide-covered altar of Uskayaw.
 16758 | D:8      | Reached ** piety under Qazlal
 17212 | D:8      | Noticed a cyclops
 17238 | D:8      | Killed a cyclops
 17459 | D:8      | Identified a scroll of acquirement
 17460 | D:8      | Acquired the +5 pair of gloves "Ucluhy" {+Inv Str+6}
 18091 | D:9      | Noticed a two-headed ogre
 18097 | D:9      | Killed a two-headed ogre
 18098 | D:9      | Reached skill level 1 in Evocations
 18135 | D:9      | Reached skill level 1 in Throwing
 18370 | D:9      | Reached XP level 11. HP: 46/66 MP: 0/0
 18370 | D:9      | Learned a level 5 spell: Iskenderun's Battlesphere
 18374 | D:9      | Reached skill level 11 in Spellcasting
 18383 | D:9      | Mangled by an orc warrior

Illustrated notes

Levels and vault maps discovered:
D:1:      psy_arrival_heroes, layout_basic, roderic_lattice_a,
          minmay_split_cup_small
D:2:      layout_basic, dreamdust_ecumenical_altar_angels_and_demons,
          uniq_crazy_yiuf_cottage
D:3:      layout_rooms, general_overflow_altar, grunt_temple_overflow_open
D:4:      layout_basic, minitemple, temple_fountains
D:5:      layout_basic
D:6:      layout_basic, st_stairs_14, minmay_joined_circles
D:7:      layout_gridville, kennysheep_generic_room_12, uniq_joseph
D:8:      layout_basic, old_standard_altar, mainiacjoe_overflow_24_doors
D:9:      layout_cave_pools, dpeg_oklobed_lair, hangedman_decor_diamond_cutter,
          kennysheep_small_square
Temple:   zaba_magenta_temple

Skill      XL: |  1  2  3  4  5  6  7  8  9 10 11 |
---------------+----------------------------------+-----
Spellcasting   | 3 4 5 7 9 10 11 | 11.1
Stealth        | 2 3 |  3.6
Armour         | 1 2 3 4 |  4.2
Dodging        | 3 |  3.6
Evocations     | 2 |  2.1
Throwing       | 1 |  1.6
Fighting       | |  0.8
Long Blades    | |  0.3
Shields        | |  0.1

Action                   |  1- 3 |  4- 6 |  7- 9 | 10-12 || total
-------------------------+-------+-------+-------+-------++-------
Melee: Short sword       |     1 |       |       |       ||     1
       Long sword        |       |     1 |       |     3 ||     4
Throw: Dart              |       |     3 |       |       ||     3
 Cast: Foxfire           |    56 |    66 |   156 |    68 ||   346
       Scorch            |    18 |    45 |    62 |    13 ||   138
       Inner Flame       |       |     2 |    11 |    25 ||    38
       Searing Ray       |       |     1 |       |     1 ||     2
  Use: Potion            |       |     1 |       |     2 ||     3
       Scroll            |       |       |     8 |     4 ||    12
Armor: Robe              |     5 |       |       |       ||     5
       Leather armour    |       |    11 |    18 |     3 ||    32
Dodge: Dodged            |    13 |    20 |    36 |     9 ||    78
Block: Other             |       |       |     2 |     2 ||     4
